 Dungeon Crawl Stone Soup version 0.20-a0-315-g8346a86 (webtiles) character file.

331 dondy the Cleaver (level 6, -7/52 HPs)
             Began as a Hill Orc Monk on Dec 20, 2016.
             Mangled by an ogre
             ... wielding a +0 giant spiked club
              (14 damage)
             ... on level 4 of the Dungeon.
             The game lasted 00:10:51 (3328 turns).

dondy the Cleaver (Hill Orc Monk)                   Turns: 3328, Time: 00:10:52

Health: -7/52      AC:  7    Str: 16    XL:     6   Next: 51%
Magic:  6/6        EV: 11    Int: 10    God:
Gold:   81         SH:  3    Dex: 13    Spells: 5/5 levels left

rFire  . . .     SeeInvis +     a - +0 hand axe
rCold  . . .     Gourm    .     u - +0 ring mail
rNeg   . . .     Faith    .     (no shield)
rPois  .         Spirit   .     v - +0 helmet
rElec  .         Reflect  +     (no cloak)
rCorr  .         Harm     .     g - +0 pair of gloves
MR     .....                    (no boots)
Stlth  +.........               l - +3 amulet of reflection
                                (no ring)
                                d - ring of see invisible

@: heavily drained
A: no striking features
a: no special abilities


You were on level 4 of the Dungeon.
You were not hungry.

You visited 1 branch of the dungeon, and saw 4 of its levels.

You collected 81 gold pieces.

Inventory:

Hand Weapons
 a - a +0 hand axe (weapon)
Armour
 g - a +0 pair of gloves (worn)
 u - a +0 ring mail (worn)
 v - a +0 helmet (worn)
Jewellery
 d - a ring of see invisible (left hand)
 l - a +3 amulet of reflection (around neck)
 s - an uncursed ring of fire
 w - an uncursed amulet of harm
Wands
 b - a wand of flame (3/48)
 x - a wand of polymorph (9/24)
Scrolls
 e - 4 scrolls of recharging {unknown}
 h - 7 scrolls of remove curse
 j - a scroll of enchant weapon {unknown}
 r - a scroll of noise {unknown}
 t - 2 scrolls of amnesia {unknown}
 y - a scroll of identify {unknown}
Potions
 m - a potion of might {unknown}
 n - 2 potions of haste {unknown}
 q - a potion of curing {unknown}
Comestibles
 c - 2 bread rations
 f - a meat ration
 i - 3 fruits
 k - a royal jelly
 o - 2 beef jerkies


   Skills:
 - Level 4.0(2.3) Fighting
 * Level 8.7(6.8) Axes
 - Level 3.0(1.3) Dodging
 - Level 1.5(0.0) Stealth


You had 5 spell levels left.
You didn't know any spells.

Dungeon Overview and Level Annotations

Branches:
Dungeon (4/15)
 Temple: D:4-7

Altars:


Message History

The puff of flame hits the ogre.
The ogre is moderately wounded.
Evoking this partially-identified wand wasted a few charges.
You slash the ogre!
The ogre is heavily wounded.
The ogre hits you with a giant spiked club!!
You slash the ogre!
The ogre is severely wounded.
The ogre hits you with a giant spiked club!!
Ouch! That really hurt!
* * * LOW HITPOINT WARNING * * *
You hit the ogre.
The ogre is severely wounded.
You hit the ogre but do no damage.
The ogre is severely wounded.
The ogre closely misses you.
You hit the ogre.
The ogre is almost dead.
The ogre hits you with a giant spiked club!
You die...

#.# ####.### #.<..(.##
#.......# #.......#
#.......# # #....<..#
.####.####.......####
.......@OZ(>.(........
.####.#.#.............
# #.######.####### #.#
#..# #.# ##..Z ..#
##.# ### ..# ..


You could see an ogre and a bullfrog skeleton.

Vanquished Creatures
  Sigmund (D:3)
  Robin (D:3)
  2 adders (D:3)
  6 gnolls
  2 worms (D:2)
  2 dart slugs (D:1)
  4 leopard geckos
  An orc (D:3)
  2 giant cockroaches
  11 goblins
  13 hobgoblins
  2 jackals (D:2)
  A quokka (D:2)
  3 ball pythons
  7 bats
  2 frilled lizards
  8 kobolds
  3 rats
71 creatures vanquished.

Notes
Turn   | Place    | Note
-------+----------+-------------------------------------------
     0 | D:1      | dondy the Hill Orc Monk began the quest for the Orb.
     0 | D:1      | Reached XP level 1. HP: 19/19 MP: 1/1
   162 | D:1      | Reached XP level 2. HP: 27/27 MP: 2/2
   486 | D:1      | Reached XP level 3. HP: 32/33 MP: 3/3
  1085 | D:2      | Reached skill level 5 in Axes
  1632 | D:3      | Reached XP level 4. HP: 29/40 MP: 4/4
  1749 | D:3      | Noticed Robin
  2005 | D:3      | Noticed Sigmund
  2037 | D:2      | Reached skill level 6 in Axes
  2212 | D:3      | Killed Robin
  2560 | D:2      | Reached XP level 5. HP: 41/46 MP: 5/5
  2625 | D:3      | Reached skill level 7 in Axes
  2752 | D:3      | Killed Sigmund
  2752 | D:3      | Reached skill level 8 in Axes
  2752 | D:3      | Reached XP level 6. HP: 19/52 MP: 6/6
  3328 | D:4      | Mangled by an ogre

Vault maps used:
D:1:      matt_arrival_spirals, interstate_on_off
D:2:      first_bread
D:3:      kennysheep_path_1, uniq_sigmund, uniq_robin
D:4:      minmay_wonky_spiral, kiku_gazebo_garden_becter,
          gup_sewer_entry_bubbles, okawaru_altar_gauntlet_db

Skill      XL: |  1  2  3  4  5 |
---------------+----------------+-----
Fighting       | 4 |  4.0
Axes           | 5 6 8 |  8.7
Dodging        | 3 |  3.0
Stealth        | |  1.5

Action                   |  1- 3 |  4- 6 || total
-------------------------+-------+-------++-------
Melee: Hand axe          |   138 |   151 ||   289
Throw: Tomahawk          |       |     4 ||     4
Evoke: Wand              |       |     3 ||     3
  Use: Scroll            |       |     1 ||     1
 Stab: Sleeping          |     6 |       ||     6
  Eat: Chunk             |     2 |     6 ||     8
Armor: Robe              |    14 |       ||    14
       Ring mail         |     7 |    36 ||    43
Dodge: Dodged            |    93 |    55 ||   148
Block: Other             |     8 |    13 ||    21
